Map: Ruins of Seras

Players

Kirrua - Winner!

  • Race: Terran Terran
  • League: Grandmaster

SticklerMac

  • Race: Zerg Zerg
  • League: Grandmaster

VOD

Have the link to the VOD?

Description

Time

  • Played on: June 14, 2015, 11:04 p.m.
  • Length: 5:58
Show
View Real Time Build Order
Export as new Build Order

Kirrua Terran - Winner!

Build Orders: Hellion Banshee 

Get SALT Encoding   

  12  0:01  SCV  
  13  0:13  SCV  
  14  0:18  Supply Depot  
  14  0:25  SCV  
  15  0:40  SCV  
  15  0:41  Barracks  
  16  0:52  SCV  
  17  1:04  SCV  
  18  1:16  SCV  
  19  1:24  Command Center  
  19  1:28  Orbital Command  
  19  1:30  Marine  
  20  1:40  Bunker  
  20  1:47  Supply Depot, Marine  
  21  1:54  SCV  
  21  1:57  Refinery  
  22  2:01  Refinery  
  22  2:05  Marine  
  23  2:09  SCV  
  24  2:21  SCV, Supply Depot  
  25  2:30  Marine  
  25  2:33  SCV  
  27  2:37  Orbital Command  
  27  2:45  SCV  
  28  2:52  Barracks Reactor  
  28  2:53  Factory  
  28  2:57  SCV  
  29  3:08  SCV  
  29  3:09  SCV  
  31  3:21  SCV x2  
  33  3:33  SCV x2  
  35  3:45  Barracks Tech Lab, Starport  
  35  3:46  SCV x2  
  37  3:55  Supply Depot  
  37  3:56  Supply Depot  
  37  3:57  Hellion x2  
  37  4:00  SCV x2  
  37  4:01  Command Center  
  32  4:30  Banshee, Hellion x2  
  37  4:37  SCV x2  
  39  4:38  Supply Depot  
  39  4:51  Hellion x2  
  43  4:58  SCV x2  
  45  5:12  Hellion  
  45  5:13  Hellion  
  49  5:15  SCV x2  
  49  5:39  SCV  
  49  5:40  SCV  
Show
View Real Time Build Order
Export as new Build Order

SticklerMac Zerg 

Build Orders: Pool Only, Zergling Baneling 

Get SALT Encoding   

  12  0:01  Drone  
  13  0:09  Drone  
  13  0:13  Extractor  
  13  0:16  Drone  
  14  0:35  Spawning Pool  
  13  0:45  Overlord  
  13  0:49  Drone  
  14  1:04  Drone  
  14  1:05  Drone  
  14  1:07  Drone  
  17  1:18  Drone  
  18  1:22  Metabolic Boost  
  18  1:30  Queen  
  20  1:38  Overlord  
  20  1:44  Zergling x2  
  21  1:51  Zergling x2  
  22  2:07  Baneling Nest  
  21  2:09  Extractor  
  21  2:12  Drone  
  21  2:28  Zergling x4  
  23  2:33  Drone  
  24  2:41  Zergling x6  
  24  2:42  Zergling x2  
  28  2:57  Zergling x2  
  29  3:01  Lair  
  29  3:03  Overlord  
  29  3:12  Zergling x2  
  30  3:13  Overlord  
  30  3:20  Overlord  
  29  3:39  Baneling x7  
  29  3:40  Baneling x2  
  29  3:41  Zergling x4  
  29  3:46  Zergling x2  
  30  3:50  Zergling x2  
  30  3:54  Zergling x2  
  26  4:11  Zergling x6  
  29  4:25  Zergling x2  
  29  4:26  Zergling x6  
  29  4:31  Zergling x2  
  34  4:48  Zergling x2  
  35  4:57  Zergling x2  
  33  5:09  Zergling x10  
  38  5:19  Zergling x2  
  37  5:31  Zergling x2  
  27  5:51  Roach Warren  
Tags
 
Add a new tag
Caveats
  • Supply blocks, unpowered buildings, or Contaminate may cause inaccurate times.
  • Supply counts are checked every 10 seconds.